 Dungeon Sprint DCSS version 0.31.0-9-g3a7656b989 (webtiles) character file.

Game seed: 13348710606611004775

8505 Heoruswealwe the Phalangite (level 11, -3/115 HPs)
             Began as a Minotaur Fighter on Feb 5, 2024.
             Was an Initiate of Gozag.
             Shot with an arrow by an orc warrior (6 damage)
             ... in the Dungeon (Sprint IX: "|||||||||||||||||||||||||||||").
             The game lasted 00:04:55 (839 turns).

Heoruswealwe the Phalangite (Minotaur Fighter)       Turns: 839, Time: 00:04:57

Health: -3/115     AC: 30    Str: 25    XL:     11   Next: 10%
Magic:  10/10      EV:  8    Int:  5    God:    Gozag
Gold:   3095       SH:  0    Dex: 10    Spells: 10/10 levels left

rFire   . . .        b - +2 halberd (protect)
rCold   . . .        (shield currently unavailable)
rNeg    . . .        c - +0 plate armour
rPois   .            (helmet restricted)
rElec   .            h - +0 cloak
rCorr   .            f - +0 pair of gloves
SInv    .            (no boots)
Will    .....        (no amulet) Stlth
                     k - +2 ring of protection
HPRegen 0.39/turn    (no ring)
MPRegen 0.12/turn

%: no teleportation
@: gold aura, under a protective aura
A: horns 2, retaliatory headbutt
a: Renounce Religion, Potion Petition, Call Merchant, Bribe Branch


You were in the Dungeon.
You worshipped Gozag.
Gozag was most pleased with you.
You visited 1 branch You collected 3095 gold pieces.

Inventory:

Hand Weapons
 a - a +1 trident of venom
 b - a +2 halberd of protection (weapon)
Armour
 c - a +0 plate armour (worn)
 d - a +0 buckler
 f - a +0 pair of gloves (worn)
 h - a +0 cloak (worn)
Jewellery
 k - a +2 ring of protection (left hand)
 p - a +6 ring of intelligence
 t - a ring of see invisible
 v - a +5 ring of evasion
Wands
 l - a wand of light (10)
Scrolls
 j - 2 scrolls of blinking
 q - a scroll of immolation
 r - a scroll of fog
 s - 4 scrolls of fear
 u - a scroll of identify
Potions
 e - a potion of curing
 g - 2 potions of haste
 i - a potion of berserk rage
 m - 6 potions of heal wounds
 n - a potion of might
 o - a potion of mutation


   Skills:
 + Level 16.5 Fighting
 * Level 22.2 Polearms
 + Level 16.5 Armour
 - Level 3.6 Shields


You had 10 spell levels left.
You didn't know any spells.
Your spell library contained the following spells:

 Spells                   Type           Power      Damage    Failure   Level
 Call Canine Familiar     Summ           0%         N/A       100%        3
 Sigil of Binding         Hex            0%         N/A       100%        3
 Dimensional Bullseye     Hex/Tloc       0%         N/A       100%        4


Dungeon Overview and Level Annotations

Branches:
Dungeon (1/1)

Altars:
Cheibriados
Dithmenos
Elyvilon
Fedhas
Gozag
Hepliaklqana
Kikubaaqudgha
Makhleb
Nemelex Xobeh
Okawaru
Qazlal
Ru
Sif Muna
Trog
Uskayaw
Vehumet
Wu Jian
Xom
Yredelemnul
Zin
The Shining One
Jiyva
Lugonu


Innate Abilities, Weirdness & Mutations

You have a pair of horns on your head.
You reflexively headbutt those who attack you in melee.


Message History

You barely miss the orc knight.
You headbutt the orc knight, but do no damage.
The orc knight is lightly wounded.
The orc knight hits you with a +0 halberd!
* * * LOW HITPOINT WARNING * * *
You hit the orc knight but do no damage.
You headbutt the orc knight, but do no damage.
The orc knight is lightly wounded.
The orc knight hits you with a +0 halberd.
* * * LOW HITPOINT WARNING * * *
You hit the orc knight but do no damage.
The orc knight is lightly wounded.
You slash the orc knight! You headbutt the orc knight.
The orc knight is moderately wounded.
The orc knight hits you but does no damage.
You slash the orc knight!
The orc knight is heavily wounded.
The orc knight hits you but does no damage.
You hit the orc knight but do no damage.
The orc knight is heavily wounded.
You slash the orc knight! Your headbutt misses the orc knight.
The orc knight is heavily wounded.
The orc warrior no longer looks unusually strong.
The orc knight hits you but does no damage.
An orc warrior comes into view. It is wielding a +0 flail.
You hit the orc knight but do no damage.
You headbutt the orc knight!
The orc knight is severely wounded.
The orc warrior no longer looks unusually strong.
The orc knight hits you with a +0 halberd.
* * * LOW HITPOINT WARNING * * *
You barely miss the orc knight. You headbutt the orc knight!!
The orc knight is almost dead.
You puncture the orc knight!
You kill the orc knight!
The orc warrior unwields a +0 long sword.
The orc warrior wields a +0 orcbow.
The orc warrior shoots an arrow.
The arrow hits you.
You die...
Your body crumbles into a pile of gold.

▓▓▓▓▓▓▓▓▓▓▓▓▓▓▓▓▓▓▓▓▓▓▓▓
oooooo$@'...).$$$$$$$$$.
▓▓▓▓▓▓▓▓▓▓▓▓▓▓▓▓▓▓▓▓▓▓▓▓▓▓▓▓▓▓▓▓▓
.................................
▓▓▓▓▓▓▓▓▓▓▓▓▓▓▓▓▓▓▓▓▓▓▓▓▓▓▓▓▓▓▓▓▓
...'.........'.........'......[..
▓▓▓▓▓▓▓▓▓▓▓▓▓▓▓▓▓▓▓▓▓▓▓▓▓▓▓▓▓▓▓▓▓
.................................
▓▓▓▓▓▓▓▓▓▓▓▓▓▓▓▓▓▓▓▓▓▓▓▓▓▓▓▓▓▓▓▓▓
)?!'________________________'....


You could see 6 orc warriors.

Vanquished Creatures
  2 centaur warriors (D)
  A two-headed ogre (D)
  Urug (D)
  An orc knight (D)
  2 black mambas (D)
  7 cane toads (D)
  2 tyrant leeches (D)
  A blink frog (D)
  A wraith (D)
  4 yaks (D)
  2 wyverns (D)
  Eustachio (D)
  A golden eye (shapeshifter) (D)
  2 vampire mosquitoes (D)
  3 water moccasins (D)
  A laughing skull (D)
  4 orc warriors (D)
  A black bear (D)
  A wolf (D)
  A kobold brigand (D)
  6 bullfrogs (D)
  A hound (D)
  3 orc wizards (D)
  A white imp (D)
  A ribbon worm (D)
  9 orcs (D)
  2 ball pythons (D)
  An endoplasm (D)
  A goblin (D)
  A rat (D)
65 creatures vanquished.

Notes
Turn   | Place    | Note
-------+----------+-------------------------------------------
     0 | D        | Heoruswealwe the Minotaur Fighter began the quest for the
                  | Orb.
     0 | D        | Reached XP level 1. HP: 19/19 MP: 0/0
     6 | D        | Reached skill level 3 in Polearms
    10 | D        | Banished a spatial maelstrom
    20 | D        | Noticed a black bear
    20 | D        | Noticed a hound
    23 | D        | Reached skill level 4 in Polearms
    23 | D        | Reached XP level 2. HP: 28/28 MP: 1/1
    30 | D        | Reached skill level 5 in Fighting
    30 | D        | Reached skill level 6 in Polearms
    30 | D        | Reached skill level 5 in Armour
    30 | D        | Reached XP level 3. HP: 34/36 MP: 2/2
    40 | D        | Killed a black bear
    41 | D        | Reached skill level 8 in Polearms
    41 | D        | Reached XP level 4. HP: 33/45 MP: 3/3
    46 | D        | Reached XP level 5. HP: 40/52 MP: 4/4
    53 | D        | Found a snail-covered altar of Cheibriados.
    53 | D        | Found a shadowy altar of Dithmenos.
    53 | D        | Found a white marble altar of Elyvilon.
    53 | D        | Found a blossoming altar of Fedhas.
    53 | D        | Found an opulent altar of Gozag.
    54 | D        | Found a hazy altar of Hepliaklqana.
    55 | D        | Found a viscous altar of Jiyva.
    56 | D        | Found an ancient bone altar of Kikubaaqudgha.
    57 | D        | Found a corrupted altar of Lugonu.
    58 | D        | Found a burning altar of Makhleb.
    59 | D        | Found a sparkling altar of Nemelex Xobeh.
    60 | D        | Found an iron altar of Okawaru.
    61 | D        | Became a worshipper of Gozag Ym Sagoz the Greedy
    62 | D        | Found a stormy altar of Qazlal.
    63 | D        | Found a sacrificial altar of Ru.
    64 | D        | Found a shimmering blue altar of Sif Muna.
    65 | D        | Found a bloodstained altar of Trog.
    66 | D        | Found a hide-covered altar of Uskayaw.
    67 | D        | Found a radiant altar of Vehumet.
    68 | D        | Found an ornate altar of the Wu Jian Council.
    69 | D        | Found a shimmering altar of Xom.
    70 | D        | Found a basalt altar of Yredelemnul.
    71 | D        | Found a glowing silver altar of Zin.
    72 | D        | Found a glowing golden altar of the Shining One.
   136 | D        | Noticed a wyvern
   136 | D        | Noticed a yak
   136 | D        | Noticed a wraith
   136 | D        | Noticed a yak
   136 | D        | Noticed an orc warrior
   145 | D        | Reached skill level 10 in Polearms
   157 | D        | Killed an orc warrior
   158 | D        | Reached skill level 11 in Polearms
   158 | D        | Reached XP level 6. HP: 28/62 MP: 5/5
   168 | D        | Killed a yak
   169 | D        | Reached skill level 12 in Polearms
   177 | D        | Killed a wraith
   178 | D        | Reached skill level 10 in Fighting
   178 | D        | Reached skill level 13 in Polearms
   178 | D        | Reached skill level 10 in Armour
   178 | D        | Reached XP level 7. HP: 46/72 MP: 6/6
   179 | D        | Killed a yak
   180 | D        | Reached skill level 14 in Polearms
   185 | D        | Killed a wyvern
   305 | D        | Noticed a vampire mosquito
   305 | D        | Noticed a two-headed ogre
   305 | D        | Noticed a hornet
   305 | D        | Noticed a centaur warrior
   305 | D        | Noticed a centaur warrior
   314 | D        | Killed a centaur warrior
   315 | D        | Reached skill level 15 in Polearms
   315 | D        | Reached XP level 8. HP: 57/83 MP: 7/7
   315 | D        | a hornet changed into a salamander
   315 | D        | Noticed a salamander (shapeshifter)
   319 | D        | Killed a centaur warrior
   320 | D        | Reached skill level 17 in Polearms
   320 | D        | Reached XP level 9. HP: 58/92 MP: 8/8
   321 | D        | a salamander changed into a golden eye
   328 | D        | Killed a two-headed ogre
   329 | D        | Reached skill level 18 in Polearms
   464 | D        | Noticed a black mamba
   474 | D        | Killed a black mamba
   486 | D        | Reached skill level 19 in Polearms
   487 | D        | Noticed a cane toad
   498 | D        | Reached XP level 10. HP: 93/104 MP: 9/9
   503 | D        | Killed a cane toad
   520 | D        | Noticed a cane toad
   520 | D        | Noticed a cane toad
   520 | D        | Noticed a cane toad
   520 | D        | Noticed a cane toad
   524 | D        | Noticed a cane toad
   527 | D        | Killed a cane toad
   531 | D        | Reached skill level 20 in Polearms
   536 | D        | Noticed a black mamba
   546 | D        | Killed a cane toad
   547 | D        | Reached skill level 15 in Fighting
   547 | D        | Reached skill level 15 in Armour
   548 | D        | Killed a cane toad
   554 | D        | Killed a cane toad
   559 | D        | Killed a cane toad
   565 | D        | Killed a black mamba
   566 | D        | Reached skill level 21 in Polearms
   589 | D        | Noticed a cane toad
   591 | D        | Killed a cane toad
   659 | D        | Noticed Eustachio
   671 | D        | Noticed Urug
   673 | D        | Killed Eustachio
   682 | D        | Killed Urug
   683 | D        | Reached skill level 22 in Polearms
   683 | D        | Reached XP level 11. HP: 20/115 MP: 10/10
   812 | D        | Noticed an orc knight
   831 | D        | HP: 2/115 [orc knight/+0 halberd (5)]
   837 | D        | HP: 2/115 [orc knight/+0 halberd (1)]
   839 | D        | Killed an orc knight
   839 | D        | Shot with an arrow by an orc warrior

Illustrated notes

Levels and vault maps discovered:
D:        linesprint [early_d, line_temple, items_1, d_10, items_2, lair_1,
          lair_end, items_3, orc_1, orc_end, items_4, d_15, swamp_1, shoals_1,
          snake_1, spider_1, d_20, vaults_1, items_5, swamp_end, shoals_end,
          snake_end, spider_end, vaults_end, d_27, items_6, zot_1, zot_end,
          crypt_end, forest_end, elf_end, slime_end, tomb_end, abyss_end,
          pan_hell_end]

Skill      XL: |  1  2  3  4  5  6  7  8  9 10 |
---------------+-------------------------------+-----
Polearms       | 4 6 8 11 13 15 17 19 22 | 22.2
Fighting       | 4 5 6 7 8 10 11 12 14 16 | 16.5
Armour         | 4 5 6 7 8 10 12 14 16 | 16.5
Shields        | |  3.6

Action                     |  1- 3 |  4- 6 |  7- 9 | 10-12 || total
---------------------------+-------+-------+-------+-------++-------
  Melee: Trident           |    23 |     4 |       |       ||    27
         Headbutt          |     4 |     7 |    16 |    29 ||    56
         Halberd           |       |    33 |    67 |   136 ||   236
    Use: Potion            |       |     6 |       |       ||     6
   Stab: Distracted        |       |       |     1 |     1 ||     2
 Armour: Scale mail        |    20 |    33 |     6 |       ||    59
         Plate armour      |       |       |    50 |    91 ||   141
  Dodge: Dodged            |     9 |    19 |    21 |    26 ||    75
  Block: Buckler           |     2 |       |       |       ||     2
